 Dungeon Crawl Stone Soup version 0.31-a0-931-g7b59d4eb97 (webtiles) character file.

Game seed: 18353796091734205818

854 D12ThenQuit the Stinger (level 8, 0/81 HPs)
             Began as an Octopode Fighter on Oct 19, 2023.
             Was a Believer of Sif Muna.
             Succumbed to a water moccasin's poison
             ... on level 5 of the Dungeon.
             The game lasted 00:11:30 (4743 turns).

D12ThenQuit the Stinger (Octopode Fighter)          Turns: 4743, Time: 00:11:31

Health: 0/81       AC: 24    Str: 15    XL:     8   Next: 1%
Magic:  29/29      EV:  2    Int: 12    God:    Sif Muna [**....]
Gold:   334        SH: 11    Dex: 12    Spells: 6/11 levels left

rFire   . . .        r - +3 scimitar "Concordance" {pain, rPois rC- rCorr MP+9}
rCold   x . .        b - +2 buckler
rNeg    . . .        (helmet currently unavailable)
rPois   +            n - amulet of reflection
rElec   .            i - ring of magical power
rCorr   +            g - ring of flight
SInv    .            (no ring)
Will    .....        (no ring)
Stlth   +            (no ring)
HPRegen 0.33/turn    (no ring)
MPRegen 0.21/turn    (no ring)
                     (no ring)

%: reflection
@: lethally poisoned (0 -> -4), tree-form, weak-willed, on berserk cooldown,
hasted and slowed
A: stationary, stasis, torment immunity, boosted hp, almost no armour,
(amphibious), 8 rings, (camouflage 1), (gelatinous body 1), (nimble swimmer 1),
(tentacles), deterioration 1, (shaggy fur 1)
a: Renounce Religion, Channel Magic


You were on level 5 of the Dungeon.
You worshipped Sif Muna.
Sif Muna was pleased with you.
You were a tree.
You visited 2 branches of the dungeon, and saw 6 of its levels.
You also visited: Sewer.

You collected 334 gold pieces.

Inventory:

Hand Weapons
 a - a +0 rapier
 r - the +3 scimitar "Concordance" (weapon) {pain, rPois rC- rCorr MP+9}
   (You found it in a sewer)

   rC-:       It makes you vulnerable to cold.
   rPois:     It protects you from poison MP+9: It affects your magic capacity
   (+9).
   rCorr:     It protects you from acid and corrosion.
Armour
 b - a +2 buckler (worn)
Jewellery
 g - a ring of flight (right branch)
 i - a ring of magical power (left branch)
 n - an amulet of reflection (around neck)
Wands
 q - a wand of mindburst (5)
 v - a wand of quicksilver (2)
Scrolls
 f - 2 scrolls of teleportation
 h - a scroll of blinking
 j - a scroll of enchant armour
 k - a scroll of fog
 l - a scroll of vulnerability
 m - a scroll of immolation {unknown}
 p - a scroll of silence {unknown}
 u - a scroll of revelation {unknown}
Potions
 c - 2 potions of might
 d - 2 potions of lignification
 e - a potion of invisibility
 s - a potion of haste


   Skills:
 - Level 4.1 Fighting
 - Level 2.0 Short Blades
 - Level 4.1 Dodging
 - Level 3.0 Shields
 - Level 2.0 Spellcasting
 + Level 1.8 Transmutations
 + Level 1.8 Fire Magic
 - Level 3.0 Air Magic
 - Level 4.4 Poison Magic
 + Level 4.3 Invocations


You had 6 spell levels left.
You knew the following spells:

 Your Spells              Type           Power      Damage    Failure   Level
a - Poisonous Vapours     Pois/Air       20%        N/A       12%         2
b - Ignite Poison         Fire/Tmut/Pois 7%         N/A       34%         3

Your spell library contained the following spells:

 Spells                   Type           Power      Damage    Failure   Level
 Sting                    Tmut/Pois      32%        1d4       10%         1
 Cigotuvi's Dreadful Rot  Necr/Pois/Air  14%        N/A       21%         2
 Olgreb's Toxic Radiance  Pois           11%        N/A       50%         4
 Sticky Flame             Conj/Fire      3%         2d3       94%         4
 Leda's Liquefaction      Hex/Erth       0%         N/A       98%         4
 Freezing Cloud           Conj/Ice/Air   1%         6-21      100%        5
 Lee's Rapid Deconstruct  Erth           0%         3d4*      100%        5
 Bombard                  Conj/Erth      0%         9d1       100%        6
 Ignition                 Fire           2%         3d3       100%        8


Dungeon Overview and Level Annotations

Branches:
Dungeon (5/15)             Temple (1/1) D:4           Sewer (visited)

Altars:
Ashenzari
Cheibriados
Elyvilon
Gozag
Hepliaklqana
Kikubaaqudgha
Makhleb
Nemelex Xobeh
Okawaru
Ru
Sif Muna
Trog
Uskayaw
Wu Jian
Yredelemnul
Zin
The Shining One

Annotations:
D:3 Grinder
D:5 exclusion: phantom


Innate Abilities, Weirdness & Mutations

You are a tree.
Your roots penetrate the ground, keeping you stationary.
You cannot be teleported.
You are immune to unholy pain and torment.
Your maximum health is greatly increased.
You cannot wear most types of armour.
((You are amphibious.))
You can wear up to eight rings at the same time.
((Your skin changes colour to match your surroundings (Stealth+).))
((Your rubbery body absorbs attacks. (AC +1, EV +1)))
((You are camouflaged when in or above water. (Stealth+)))
((You have tentacles for arms and can constrict up to eight enemies at once.))
Your body sometimes deteriorates upon taking damage.
((You are covered in fur. (AC +1)))


Message History

You hit the water moccasin.
The water moccasin is almost dead.
* * * LOW HITPOINT WARNING * * *
You feel very sick.
The water moccasin bites you but does no damage.
You slash the water moccasin!
You kill the water moccasin!
Sif Muna accepts your kill.
* * * LOW HITPOINT WARNING * * *
You feel very sick.
You have reached level 8!
You are too berserk!
You are too berserk!
Unknown command.
* * * LOW HITPOINT WARNING * * *
You feel sick.
You feel a strong urge to attack something.
* * * LOW HITPOINT WARNING * * *
You feel sick.
You are no longer berserk.
You are exhausted.
You feel yourself slow down.
* * * LOW HITPOINT WARNING * * *
You feel sick.
It was a potion of mutation.
You feel extremely strange. Fur sprouts all over your body.
You feel yourself wasting away.
* * * LOW HITPOINT WARNING * * *
You feel sick.
Okay, then.
Okay, then.
Unknown command.
Okay, then.
Unknown command.
Okay, then.
Unknown command.
* * * LOW HITPOINT WARNING * * *
You feel sick.
As you read the scroll labelled GOMEXT DOCAKEMM, it crumbles to dust.
Magic quickly surges around you.
It was a scroll of vulnerability.
You die...

#.#....#####.# #.#.#.#.
#.#....# #.###.###.#.
#.#....#####.....###... .
#.###..................
..#.##.###.##########.###.#.
...........)## #........#.
#..#.##......#### ####.#.....
.. #..#......######....... #..
#.....♣........#..##.#. ..
.##.##.####.#..........#.
..............#.#.##.#..####.
.#.....#.##.#.#.##.#..####.
......#.##.#.#.##.........
#.....####.#.#.####.###.#. .
#.....####.#...####.#..... ...
..........................
...####.######.###.####.#.....


There were no monsters in sight!

Vanquished Creatures
  2 water moccasins (D:5)
  An ogre (D:5)
  2 bullfrogs (Sewer)
  2 scorpions
  A hound (D:5)
  2 iguanas
  2 orc wizards (D:5)
  3 adders
  2 worms
  3 dart slugs
  3 orcs (D:5)
  5 endoplasms (Sewer)
  13 giant cockroaches
  5 goblins
  4 hobgoblins
  4 jackals (D:1)
  12 kobolds
  19 quokkas
  18 ball pythons
  8 bats
  26 frilled lizards
  7 rats
144 creatures vanquished.

Notes
Turn   | Place    | Note
-------+----------+-------------------------------------------
     0 | D:1      | D12ThenQuit the Octopode Fighter began the quest for the
                  | Orb.
     0 | D:1      | Reached XP level 1. HP: 16/16 MP: 1/1
    88 | D:1      | Reached XP level 2. HP: 15/21 MP: 2/2
   394 | D:1      | Reached XP level 3. HP: 12/26 MP: 3/3
   553 | D:1      | Found a faded altar of an unknown god.
  1358 | D:2      | Reached XP level 4. HP: 32/33 MP: 4/4
  1461 | D:2      | Found a sacrificial altar of Ru.
  2182 | D:3      | Learned a level 2 spell: Poisonous Vapours
  2267 | D:3      | Noticed Grinder
  2446 | D:4      | Found a staircase to the Ecumenical Temple.
  2456 | Temple   | Entered the Ecumenical Temple
  2476 | Temple   | Became a worshipper of Sif Muna the Loreminder
  2501 | D:4      | Noticed a scorpion
  2610 | D:4      | Found a glowing drain.
  2630 | Sewer    | Entered a sewer
  2765 | Sewer    | Reached skill level 1 in Poison Magic
  2791 | Sewer    | Reached XP level 5. HP: 25/37 MP: 6/6
  2853 | Sewer    | Reached skill level 1 in Spellcasting
  2868 | Sewer    | Reached * piety under Sif Muna
  2875 | Sewer    | Reached skill level 1 in Air Magic
  3212 | Sewer    | Reached XP level 6. HP: 43/43 MP: 8/8
  3270 | Sewer    | Identified the +3 scimitar "Concordance" {pain, rPois rC-
                  | rCorr MP+9}
  3695 | D:4      | Found a sacrificial altar of Ru.
  4048 | D:5      | Entered Level 5 of the Dungeon
  4143 | D:5      | Reached skill level 1 in Invocations
  4143 | D:5      | Reached XP level 7. HP: 48/48 MP: 10/10
  4362 | D:5      | Learned a level 3 spell: Ignite Poison
  4410 | D:5      | Reached ** piety under Sif Muna
  4673 | D:5      | Reached skill level 1 in Transmutations
  4698 | D:5      | Reached skill level 1 in Fire Magic
  4738 | D:5      | Reached XP level 8. HP: 12/54 MP: 11/11
  4740 | D:5      | HP: 4/81 [poisoned by a water moccasin]
  4741 | D:5      | Gained mutation: You are covered in fur. (AC +1) [potion of
                  | mutation]
  4741 | D:5      | Gained mutation: Your body sometimes deteriorates upon
                  | taking damage. [potion of mutation]
  4743 | D:5      | Succumbed to a water moccasin's poison

Illustrated notes

Levels and vault maps discovered:
D:1:      dpeg_arrival_ternary, layout_basic, dreamdust_ecumenical_altar_grove
D:2:      layout_loops_corners, basic_altar, minmay_puff
D:3:      layout_loops_ring, minmay_lizard_king, uniq_grinder
D:4:      layout_loops_ring, nicolae_ru_the_path_less_chosen,
          minmay_temple_entry_arrows, portal_sewer_entry_c
D:5:      layout_basic
Temple:   lightli_temple_of_artemis

Skill      XL: |  1  2  3  4  5  6  7 |
---------------+----------------------+-----
Dodging        | 4 |  4.1
Fighting       | 4 |  4.1
Poison Magic   | 1 2 4 |  4.4
Spellcasting   | 1 2 |  2.0
Air Magic      | 2 3 |  3.0
Invocations    | 1 4 |  4.3
Transmutations | 1 |  1.8
Fire Magic     | 1 |  1.8
Short Blades   | |  2.0
Shields        | |  3.0

Action                     |  1- 3 |  4- 6 |  7- 9 || total
---------------------------+-------+-------+-------++-------
  Melee: Rapier            |    87 |   160 |       ||   247
         Constrict         |    25 |    51 |     7 ||    83
         Tentacles         |    13 |    34 |     6 ||    53
         Punch             |       |     2 |     1 ||     3
         Scimitar          |       |    13 |    28 ||    41
   Cast: Poisonous Vapours |       |    14 |    13 ||    27
    Use: Scroll            |     3 |     3 |     1 ||     7
         Potion            |       |       |     4 ||     4
   Stab: Sleeping          |     5 |    11 |       ||    16
 Armour: Skin              |    42 |    40 |     8 ||    90
  Dodge: Dodged            |    53 |    77 |    16 ||   146
  Block: Buckler           |    13 |    46 |    16 ||    75
         Reflection        |       |       |     1 ||     1

Table legend: (Time is in decaauts)
 A = Elapsed time spent in this place.
 B = Non-inter-level travel time spent in this place.
 C = Inter-level travel time spent in this place.
 D = Time resting spent in this place.
 E = Time spent auto-exploring this place.
 F = Levels seen in this place.
 G = Mean time per level.
                   A        B        C        D        E       F      G
               +--------+--------+--------+--------+--------+-----+--------+
         Total |   4787 |   4603 |    184 |    489 |   2624 |   7 |  683.9 |
       Dungeon |   3924 |   3759 |    165 |    247 |   2494 |   5 |  784.8 |
        Temple |     40 |     21 |     19 |      0 |      0 |   1 |   40.0 |
         Sewer |    822 |    822 |      0 |    242 |    130 |   1 |  822.0 |
               +--------+--------+--------+--------+--------+-----+--------+

Top non-repeatable levels by time:
     D:2: 1013 daAuts
     D:1: 972 daAuts
   Sewer: 822 daAuts
     D:4: 779 daAuts
     D:5: 704 daAuts
     D:3: 454 daAuts
  Temple: 40 daAuts
